 Dungeon Crawl Stone Soup version 0.30-a0-728-gc68057be0a (webtiles) character file.

Game seed: 17012710754037129181

479 jimonade the Cutter (level 7, -3/35 HPs)
             Began as a Vine Stalker Brigand on Jan 31, 2023.
             Slain by a bullfrog (4 damage)
             ... on level 6 of the Dungeon.
             The game lasted 00:08:19 (3808 turns).

jimonade the Cutter (Vine Stalker Brigand)          Turns: 3808, Time: 00:08:19

Health: -3/35      AC: 10    Str: 14    XL:     7   Next: 11%
Magic:  0/8        EV: 10    Int: 11    God:
Gold:   123        SH:  0    Dex: 17    Spells: 6/6 levels left

rFire   . . .      SeeInvis .    a - +3 dagger (vamp)
rCold   . . .      Faith    .    (no shield)
rNeg    . . .      Spirit   +    C - +1 scale mail of Nice Divine Compulsion {Rampage}
rPois   .          Reflect  .    (no helmet)
rElec   .          Harm     .    c - +1 cloak
rCorr   .          Rampage  +    (no gloves)
Will    .....                    o - +0 pair of boots
Stlth   ++                       (no amulet)
HPRegen 1.05/turn                r - ring of flight
MPRegen 0.11/turn                (no ring)

@: lethally poisoned (-3 -> -4), flying, slowed, very slow
A: fangs 2, regeneration 1, magic shield, antimagic bite, no potion heal 2
a: no special abilities


You were on level 6 of the Dungeon.
You visited 1 branch of the dungeon, and saw 6 of its levels.

You collected 123 gold pieces.

Inventory:

Hand Weapons
 a - a +3 vampiric dagger (weapon)
 b - a +0 sling
 u - a +2 dagger of freezing
Missiles
 d - 17 poisoned darts (quivered)
Armour
 c - a +1 cloak (worn)
 h - a +0 leather armour
 m - a +0 robe
 o - a +0 pair of boots (worn)
 x - a +2 leather armour of cold resistance
 y - a +0 chain mail
 C - the +1 scale mail of Nice Divine Compulsion (worn) {Rampage}
   (You found it on level 6 of the Dungeon)

   Rampage:   It bestows one free step when moving towards enemies.
Jewellery
 r - a ring of flight (left hand)
Wands
 n - a wand of iceblast (15)
Scrolls
 f - a scroll of magic mapping
 g - 3 scrolls of identify
 k - 3 scrolls of enchant weapon
 t - a scroll of enchant armour
 w - a scroll of teleportation
Potions
 i - a potion of cancellation
 j - 5 potions of curing
 l - 2 potions of mutation {unknown}
 p - a potion of ambrosia
 q - a potion of berserk rage
 s - a potion of resistance {unknown}
 v - a potion of might {unknown}
 z - a potion of heal wounds {unknown}
 A - a potion of invisibility {unknown}
 B - a potion of haste {unknown}


   Skills:
 + Level 2.7 Fighting
 * Level 5.1 Short Blades
 + Level 2.0 Throwing
 + Level 2.5 Armour
 + Level 1.9 Dodging
 - Level 4.9 Stealth


You had 6 spell levels left.
You didn't know any spells.
Your spell library contained the following spells:

 Spells                   Type           Power      Damage    Failure   Level
 Ensorcelled Hibernation  Hex/Ice        0%         N/A       92%         2
 Passwall                 Tmut/Erth      0%         N/A       92%         2
 Swiftness                Air            0%         N/A       99%         3


Dungeon Overview and Level Annotations

Branches:
Dungeon (6/15)
 Temple: D:4-7

Altars:
Fedhas
Okawaru
Trog
Vehumet

Annotations:
D:5 2 transporters, GiantSquids's ghost, novice BaHu


Innate Abilities, Weirdness & Mutations

You have extremely sharp teeth.
Your natural rate of healing is unusually fast.
When hurt, damage is shared between your health and your magic reserves.
Your bite disrupts and absorbs the magic of your enemies.
Potions cannot restore your health.


Message History

You feel very sick.
The hornet stings you but does no damage. x2
You feel sick. The hornet barely misses you.
The bullfrog hits you but does no damage.
You can move again.
Throw: 2 darts (curare)
Press: ? - help, Q - select action, (/) - cycle Shift-Dir - straight line, f/p - hornet
Aim: a hornet (48% to hit)
You throw a curare-tipped dart.
The curare-tipped dart closely misses the hornet.
You feel sick. The bullfrog hits you. The hornet misses you.
Throw: dart (curare)
Press: ? - help, Q - select action, (/) - cycle Shift-Dir - straight line, f/p - hornet
Aim: a hornet (48% to hit)
You throw a curare-tipped dart.
The curare-tipped dart closely misses the hornet.
You feel sick. The bullfrog barely misses you.
The hornet stings you but does no damage.
The bullfrog hits you. The hornet stings you!
You are more poisoned.
You feel yourself slow down.
You hit the hornet but do no damage.
You feel very sick. The bullfrog barely misses you.
The hornet completely misses you. The bullfrog closely misses you.
The hornet stings you!
* * * LOW HITPOINT WARNING * * *
You feel as though you will be slow longer.
You hit the hornet.
The hornet is lightly wounded.
* * * LOW HITPOINT WARNING * * *
You feel very sick.
The bullfrog hits you but does no damage.
The hornet stings you but does no damage.
You closely miss the hornet. You bite the hornet, but do no damage.
The hornet is lightly wounded.
* * * LOW HITPOINT WARNING * * *
You feel sick. The bullfrog hits you. The hornet stings you.
You feel as though you will be slow longer.
The bullfrog hits you.
You die...

#... #...###......#
...# #..## #.....##
#.. ##...###...###
#..##.....#....#
###..........<...#
#..../...........#
..#####......###......
#..##..# ##..... ###
##F@##...# #...#
###..## #.y###....#
.### . #..##..# #.....
.. . #.....# ....#. .
#. ##....##....# #.#
##........##
##.##...........
#.....#....###..
###.......##


You could see a hornet and a bullfrog.

Vanquished Creatures
  A phantom (D:5)
  A necrophage (D:6)
  2 hounds
  An orc priest (D:4)
  An orc wizard (D:4)
  5 gnolls
  7 adders
  A shadow imp (D:5)
  2 worms
  A dart slug (D:5)
  21 orcs
  4 bats
  6 endoplasms
  A giant cockroach (D:1)
  5 goblins
  3 hobgoblins
  4 jackals (D:2)
  3 kobolds
  4 quokkas
  7 ball pythons
  2 frilled lizards (D:3)
  4 rats
86 creatures vanquished.

Notes
Turn   | Place    | Note
-------+----------+-------------------------------------------
     0 | D:1      | jimonade the Vine Stalker Brigand began the quest for the
                  | Orb.
     0 | D:1      | Reached XP level 1. HP: 11/11 MP: 2/2
    65 | D:1      | Reached skill level 2 in Short Blades
   202 | D:1      | Reached XP level 2. HP: 10/15 MP: 3/3
   756 | D:2      | Reached XP level 3. HP: 16/18 MP: 2/4
   914 | D:2      | Reached skill level 3 in Short Blades
   914 | D:2      | Reached skill level 1 in Dodging
  1000 | D:2      | You fall into a shaft and drop 2 floors!
  1092 | D:3      | Gained mutation: Your natural rate of healing is unusually
                  | fast. [Vine Stalker growth]
  1092 | D:3      | Reached XP level 4. HP: 18/23 MP: 0/5
  1804 | D:4      | Reached skill level 1 in Armour
  1820 | D:4      | Reached XP level 5. HP: 26/26 MP: 6/6
  2554 | D:4      | Found a blossoming altar of Fedhas.
  2583 | D:4      | Found a radiant altar of Vehumet.
  2711 | D:4      | Reached skill level 4 in Short Blades
  2734 | D:4      | Reached XP level 6. HP: 32/32 MP: 7/7
  2809 | D:4      | Found a bloodstained altar of Trog.
  2809 | D:4      | Found an iron altar of Okawaru.
  3179 | D:5      | Entered Level 5 of the Dungeon
  3179 | D:5      | Found a transporter.
  3186 | D:5      | Found a transporter.
  3187 | D:5      | Noticed GiantSquids's ghost (novice BaHu)
  3768 | D:6      | Reached skill level 5 in Short Blades
  3768 | D:6      | Reached XP level 7. HP: 35/35 MP: 8/8
  3772 | D:6      | Identified the +1 scale mail of Nice Divine Compulsion
                  | {Rampage}
  3786 | D:6      | Noticed a hornet
  3801 | D:6      | Paralysed by a hornet for 2 turns
  3808 | D:6      | HP: 1/35 [poisoned by a hornet]
  3808 | D:6      | Slain by a bullfrog

Illustrated notes

Levels and vault maps discovered:
D:1:      roderic_crossed_star, layout_rooms, patterned_corridor
D:2:      layout_basic, small_statue_intersection
D:3:      layout_basic, kennysheep_cluttered_room, minmay_surrounded
D:4:      kennysheep_six_static_rooms, layout_loops_ring,
          grunt_temple_overflow_bloody_war, mainiacjoe_overflow_catch_the_wave
D:5:      layout_rooms, gammafunk_ghost_hive
D:6:      layout_layer_cave, minmay_temple_entry_drinking_statues

Skill      XL: |  1  2  3  4  5  6 |
---------------+-------------------+-----
Short Blades   | 2 3 4 5 |  5.1
Fighting       | 2 |  2.7
Throwing       | 2 |  2.0
Dodging        | 1 |  1.9
Armour         | 1 2 |  2.5
Stealth        | |  4.9

Action                     |  1- 3 |  4- 6 |  7- 9 || total
---------------------------+-------+-------+-------++-------
  Melee: Dagger            |    82 |   234 |     3 ||   319
         Bite              |    21 |    69 |     1 ||    91
         Punch             |     1 |     3 |       ||     4
  Throw: Dart              |       |       |     3 ||     3
    Use: Scroll            |     7 |     8 |       ||    15
   Stab: Sleeping          |     4 |     9 |       ||    13
         Distracted        |       |     2 |       ||     2
 Armour: Leather armour    |    12 |    41 |       ||    53
         Scale mail        |       |       |     6 ||     6
  Dodge: Dodged            |    35 |    86 |     6 ||   127

Table legend: (Time is in decaauts)
 A = Elapsed time spent in this place.
 B = Non-inter-level travel time spent in this place.
 C = Inter-level travel time spent in this place.
 D = Time resting spent in this place.
 E = Time spent auto-exploring this place.
 F = Levels seen in this place.
 G = Mean time per level.
                   A        B        C        D        E       F      G
               +--------+--------+--------+--------+--------+-----+--------+
         Total |   3747 |   3547 |    200 |    132 |   2555 |   6 |  624.5 |
       Dungeon |   3747 |   3547 |    200 |    132 |   2555 |   6 |  624.5 |
               +--------+--------+--------+--------+--------+-----+--------+

Top non-repeatable levels by time:
     D:4: 830 daAuts
     D:2: 807 daAuts
     D:3: 803 daAuts
     D:1: 697 daAuts
     D:5: 537 daAuts
     D:6: 72 daAuts
